 Dungeon Sprint DCSS version 0.21-a0-434-g806c6c2 (webtiles) character file.

129807848 theanonym the Conqueror (level 23, 77/269 HPs)
             Began as a Deep Dwarf Fighter on Nov 8, 2017.
             Was the Champion of the Shining One.
             Escaped with the Orb
             ... and 17 runes!
             The game lasted 01:35:28 (14045 turns).

theanonym the Conqueror (Deep Dwarf Fighter)       Turns: 14045, Time: 01:35:28

Health: 77/269     AC: 42    Str: 29    XL:     23   Next: 34%
Magic:  8/10       EV: 25    Int: 18    God:    the Shining One [******]
Gold:   398        SH: 16    Dex: 14    Spells: 76/76 levels left

rFire    + + +     SeeInvis +   P - +7 triple sword (holy)
rCold    + + .     Gourm    .   (shield currently unavailable)
rNeg     + + +     Faith    .   g - +0 gold dragon scales of Untruth {rPois rF+ rC+ Dex+2}
rPois    +         Spirit   .   o - +3 hat of Pondering {ponderous, MR+ MP+10 Int+5}
rElec    +         Reflect  .   F - +1 cloak
rCorr    .         Harm     .   D - +4 pair of gloves of Crawling {MR+ Regen+}
MR       +++++     NoTele   +   p - +0 pair of boots
Stlth    +.........             J - amulet of Suicidal Tendencies {Fragile rF++ Regen+ Int+3}
HPRegen  0.00/turn              M - ring of Gesk {rC+ SInv}
MPRegen  0.12/turn              c - +4 ring of evasion

@: divine shield, contaminated, non-regenerating, glowing, slow
A: damage resistance, heal wounds, rugged brown scales 1, see invisible,
deterioration 1, fire resistance 1, negative energy resistance 1, sense
surroundings 3, electricity resistance, MP-powered wands, no regeneration
0: Orb of Zot
}: 17/15 runes: decaying, serpentine, barnacled, slimy, elven, silver, golden,
iron, obsidian, icy, bone, abyssal, glowing, magical, fiery, dark, gossamer
a: Heal Wounds, Divine Shield, Cleansing Flame, Summon Divine Warrior, Renounce
Religion


Innate Abilities, Weirdness & Mutations

You are resistant to damage.
You can heal yourself by infusing magical energy.
You resist negative energy. (rN+)
You passively map a large area around you.
You do not regenerate.
You are partially covered in rugged brown scales. (AC +1, +3% HP)
You have supernaturally acute eyesight. (SInv)
Your body sometimes deteriorates upon taking damage.
Your flesh is heat resistant. (rF+)
You are resistant to electric shocks. (rElec)
You expend magic power (3 MP) to strengthen your wands.


   Skills:
 O Level 27 Fighting
 O Level 27 Long Blades
   Level 15.6 Maces & Flails
 O Level 27 Throwing
 O Level 27 Armour
 O Level 27 Dodging
 O Level 27 Stealth
   Level 11.8 Shields
 O Level 27 Unarmed Combat
 O Level 27 Spellcasting
 O Level 27 Invocations
 O Level 27 Evocations


You had 76 spell levels left.
You didn't know any spells.

Skill      XL: |  1  2  3  4  5  6  7  8  9 10 11 12 13 14 15 16 17 18 19 20 21 22 |
---------------+-------------------------------------------------------------------+-----
Maces & Flails | 9 10 14 15 | 15.6
Fighting       | 4 8 9 10 11 13 15 16 20 25 27 | 27.0
Armour         | 6 8 10 11 14 15 18 27 | 27.0
Dodging        | 5 8 10 11 14 15 20 23 27 | 27.0
Shields        | 6 8 10 11 | 11.8
Invocations    | 4 7 10 12 15 26 27 | 27.0
Long Blades    | 7 17 23 24 26 27 | 27.0
Spellcasting   | 11 20 25 27 | 27.0
Evocations     | 20 27 | 27.0
Stealth        | 27 | 27.0
Throwing       | 8 23 27 | 27.0
Unarmed Combat | 6 23 27 | 27.0

Action                   |  1- 3 |  4- 6 |  7- 9 | 10-12 | 13-15 | 16-18 | 19-21 | 22-24 || total
-------------------------+-------+-------+-------+-------+-------+-------+-------+-------++-------
Melee: Flail             |    21 |    22 |   142 |   165 |       |       |       |       ||   350
       Morningstar       |       |       |       |   320 |    87 |       |       |       ||   407
       Triple sword      |       |       |       |       |   518 |   707 |   570 |   337 ||  2132
Invok: Divine Shield     |       |       |     4 |    15 |    20 |    22 |    15 |    16 ||    92
       Summon Divine War |       |       |       |     3 |     1 |       |     1 |     2 ||     7
       Cleansing Flame   |       |       |       |     2 |       |     8 |    40 |    38 ||    88
       Brand Weapon With |       |       |       |       |       |       |     1 |       ||     1
 Abil: Heal Wounds       |       |     2 |     7 |    24 |    39 |    32 |    59 |     3 ||   166
Evoke: Wand              |       |       |       |       |     7 |       |       |       ||     7
       Crystal ball of e |       |       |       |       |       |       |     2 |       ||     2
  Use: Potion            |     1 |     1 |     1 |     2 |    11 |    10 |    14 |     4 ||    44
       Scroll            |       |       |       |       |       |     2 |     2 |     5 ||     9
  Eat: Chunk             |       |       |       |     8 |     4 |       |       |       ||    12
       Fruit             |       |       |       |       |     4 |       |       |       ||     4
       Meat ration       |       |       |       |       |     1 |     2 |     5 |     3 ||    11
Armor: Scale mail        |     5 |     3 |    12 |    21 |       |       |       |       ||    41
       Chain mail        |       |       |       |     6 |       |       |       |       ||     6
       Plate armour      |       |       |       |    52 |   205 |    67 |       |       ||   324
       Gold dragon scale |       |       |       |       |       |   135 |   194 |    85 ||   414
Dodge: Dodged            |     5 |     4 |    24 |   131 |   269 |   278 |   221 |   148 ||  1080
Block: Shield            |    10 |     8 |    69 |   372 |    80 |       |       |       ||   539
       Other             |       |       |       |       |   201 |   223 |   301 |   148 ||   873
       Rpst.: Triple sword |       |       |       |       |    34 |    43 |    39 |    31 ||   147

Inventory:

Hand Weapons
 N - the +11 plutonium sword {*Contam Stlth-}
   (You found it in the Dungeon)

   It causes magical contamination when unequipped.
   It makes you less stealthy.
 P - a +7 triple sword of holy wrath (weapon)
   (You found it in the Dungeon)
Missiles
 m - 4 throwing nets (quivered)
Armour
 g - the +0 gold dragon scales of Untruth (worn) {rPois rF+ rC+ Dex+2}
   (You found it in the Dungeon)

   It affects your dexterity (+2).
   It protects you from fire.
   It protects you from cold.
   It protects you from poison.
 o - the +3 hat of Pondering (worn) {ponderous, MR+ MP+10 Int+5}
   (You took it off Gastronok in the Dungeon)

   It affects your intelligence (+5).
   It affects your resistance to hostile enchantments.
   It affects your magic capacity (+10).
 p - a +0 pair of boots (worn)
   (You found it in the Dungeon)
 D - the +4 pair of gloves of Crawling (worn) {MR+ Regen+}
   (You bought it in a shop in the Dungeon)

   It affects your resistance to hostile enchantments.
   It increases your rate of regeneration.
 F - a +1 cloak (worn)
   (You found it in the Dungeon)
Jewellery
 c - a +4 ring of evasion (right hand)
   (You found it in the Dungeon)
 I - the ring of Devotion {+Inv MR+ Int-4 Dex+5 SInv}
   (You found it in the Dungeon)

   [ring of see invisible]

   It affects your intelligence (-4).
   It affects your dexterity (+5).
   It affects your resistance to hostile enchantments.
   It lets you see invisible.
   It lets you turn invisible.
 J - the amulet of Suicidal Tendencies (around neck) {Fragile rF++ Regen+ Int+3}
   (You found it in the Dungeon)

   [amulet of regeneration]

   It affects your intelligence (+3).
   It greatly protects you from fire.
   It increases your rate of regeneration.
   It will be destroyed if unequipped.
 K - the ring "Ymec" {rPois rF+}
   (You found it in the Dungeon)

   [ring of poison resistance]

   It protects you from fire.
   It protects you from poison.
 L - the ring of Xom's Full Attention {+Inv rN+ Str+3 Dex+3}
   (You found it in the Dungeon)

   [ring of dexterity]

   It affects your strength (+3).
   It affects your dexterity (+3).
   It protects you from negative energy.
   It lets you turn invisible.
 M - the ring of Gesk (left hand) {rC+ SInv}
   (You found it in the Dungeon)

   [ring of see invisible]

   It protects you from cold.
   It lets you see invisible.
 O - an uncursed ring of resist corrosion
   (You bought it in a shop in the Dungeon)
Wands
 n - a wand of lightning (0/15)
   (You found it in the Dungeon)
Scrolls
 b - a scroll of blinking
 d - 3 scrolls of remove curse
 j - 6 scrolls of enchant armour
 l - 2 scrolls of amnesia
 r - 7 scrolls of identify
 t - 3 scrolls of recharging
 u - 4 scrolls of fear {!r}
Potions
 i - a potion of magic
 v - a potion of mutation
 G - 3 potions of brilliance
Books
 B - the Compendium of Confrontation
   (You found it in the Dungeon)

   Spells                             Type                      Level
   a - Conjure Flame                  Conjuration/Fire             3
   b - Stone Arrow                    Conjuration/Earth            3
   c - Iskenderun's Mystic Blast      Conjuration                  4
   d - Venom Bolt                     Conjuration/Poison           5
   e - Bolt of Draining               Conjuration/Necromancy       5
Miscellaneous
 y - a crystal ball of energy
   (You found it in the Dungeon)
Comestibles
 x - 36 fruits
 z - a meat ration
 A - a royal jelly
 H - 14 bread rations

Dungeon Overview and Level Annotations

Branches:
Dungeon (1/1)

Altars:
Cheibriados
Dithmenos
Elyvilon
Fedhas
Gozag
Hepliaklqana
Kikubaaqudgha
Makhleb
Nemelex Xobeh
Okawaru
Qazlal
Ru
Sif Muna
Trog
Uskayaw
Vehumet
Wu Jian
Xom
Yredelemnul
Zin
The Shining One
Beogh
Jiyva
Lugonu

Shops:
D =*[*   You escaped.   You worshipped the   Shining One.   The   Shining
One was exalted by your worship.   You were not hungry.   You visited 1 branch
You collected 1955 gold pieces.   You spent 1557 gold pieces at shops.


Message History

The cherub goes into a battle-frenzy!
You slice the cherub like a ripe choko!!!
The cherub misses you.
You riposte.
You slice the cherub!!
You kill the cherub!
The cherub unwields an uncursed flail of flaming.
It stops flaming.
The cherub wields a hunting sling.
The cherub shoots a stone.
The stone misses you.
Items here: ( )) [[ an uncursed long sword of flaming; an uncursed hunting sling; 7 stones; a robe a buckler The cherub shoots a stone.
You block the stone.
Things that are here:
a stone; a potion of invisibility The cherub unwields an uncursed hunting sling.
The cherub wields an uncursed flail of flaming.
It bursts into flame!
The cherub hits you but does no damage. You block the cherub's attack.
There is an open door here.
You hit the cherub. The cherub closely misses you.
You riposte.
You carve the cherub like a ham!!!
Mutagenic energy flows through the plutonium sword!
You block the cherub's attack.
You miss the cherub. You closely miss the cherub.
The cherub hits you but does no damage.
The cherub pecks you with an uncursed flail of flaming.
* * * LOW HITPOINT WARNING * * *
You take 1 damage, and have 65/269 hp.
You closely miss the cherub. You block the cherub's attack.
The cherub completely misses you.
You slash the cherub!
You kill the cherub!
There is a glowing golden altar of the Shining One here.
Items here: ( )) [[ an uncursed flail of flaming; an uncursed hunting sling; 23 stones; a robe a buckler
There is a glowing silver altar of Zin here.
MP restored: 10
There is a basalt altar of Yredelemnul here.
Wield which item (- for none, * to show all)? (? for menu, Esc to quit)
Really unwield
N - the +11 plutonium sword {*Contam Stlth-}?
Mutagenic energies flood into your body!
You are contaminated with residual magic.
Your +7 triple sword of holy wrath softly glows with a divine radiance!
P - a +7 triple sword of holy wrath (weapon)
Unknown command.
Press < or > to pray at altars.
You feel extremely strange.
Your body's shape seems more normal.
Your hooves expand and flesh out into feet!
Your vision sharpens.
You feel resistant to heat.
Unknown command.
Press < or > to pray at altars.
There is a shimmering altar of Xom here.
There is an ornate altar of the Wu Jian Council here.
There is a radiant altar of Vehumet here.
There is a hide-covered altar of Uskayaw here.
There is a bloodstained altar of Trog here.
A red devil comes into view. It is wielding a trident.
There is a deep blue altar of Sif Muna here.
There is a sacrificial altar of Ru here.
There is a stormy altar of Qazlal here.
You block the red devil's attack.
There is an iron altar of Okawaru here.
The red devil hops backward while attacking.
You block the red devil's attack.
There is a sparkling altar of Nemelex Xobeh here.
The red devil hops backward while attacking.
The red devil completely misses you.
There is a burning altar of Makhleb here.
The red devil hops backward while attacking.
You block the red devil's attack.
There is a corrupted altar of Lugonu here.
The golden flame engulfs you!
The golden flame engulfs the red devil.
The red devil writhes in agony!
You kill the red devil!
The Shining One accepts your kill.
You feel better.
You feel somewhat more hungry.
You regained 12 hp, and now have 77/269 hp.
You now have 5/10 mp.
There is an ancient bone altar of Kikubaaqudgha here.
You see here a trident.
There is a hazy altar of Hepliaklqana here.
There is an opulent altar of Gozag here.
There is a blossoming altar of Fedhas here.
There is a white marble altar of Elyvilon here.
There is a shadowy altar of Dithmenos here.
There is a snail-covered altar of Cheibriados here.
(D) Dungeon
Where to? (Enter - D @ (x,y), ? - help)
There is a roughly hewn altar of Beogh here.
There is an open door to the Temple here.
You see here a flail.
There is an open door here.
A lorocyproca comes into view.
Unknown command.
There is an open door to the Dungeon, spattered with blood here.
Things that are here:
a club x2
There is a staircase leading out of the dungeon here.
You have escaped!

.▓.▓.▓.▓.▓.▓.▓.▓.▓
.▓)▓.▓.▓.▓.▓'▓.▓.▓
.▓.▓)▓.▓.▓.▓.▓.▓.▓
.▓.▓.▓.▓.▓.▓.▓.▓.▓
.▓.▓.▓.▓.▓.▓.▓.▓)▓
.▓.▓.▓.▓.▓.▓.▓.▓2▓
.▓.▓.▓.▓.▓.▓.▓.▓.▓
.▓.▓.▓.▓.▓.▓.▓.▓.▓
...▓...▓...▓...▓@▓
▓▓▓▓▓▓▓▓▓▓▓▓▓▓▓▓▓▓


You could see a lorocyproca (invisible).

Notes
Turn   | Place    | Note
-------+----------+-------------------------------------------
     0 | D        | theanonym the Deep Dwarf Fighter began the quest for the Orb.
     0 | D        | Reached XP level 1. HP: 20/20 MP: 1/1
     0 | D        | DEFE: у меня пан сломался
     0 | D        | DEFE: нет абисс дырки
    15 | D        | Reached skill level 3 in Maces & Flails
    21 | D        | Reached skill level 4 in Maces & Flails
    22 | D        | ololoev: ну у него типа не хватало статов чтобы меннаса убить
    30 | D        | Noticed an ice beast
    31 | D        | ololoev: даже под статуей
    33 | D        | HP: 6/20 [ice beast (10)]
    34 | D        | Killed an ice beast
    34 | D        | Reached skill level 9 in Maces & Flails
    34 | D        | Reached XP level 2. HP: 8/27 MP: 2/2
    34 | D        | Reached XP level 3. HP: 9/33 MP: 3/3
    34 | D        | Reached XP level 4. HP: 12/40 MP: 4/4
    35 | D        | DEFE: анарм 0 что ли
    45 | D        | Found a roughly hewn altar of Beogh.
    45 | D        | Found a snail-covered altar of Cheibriados.
    45 | D        | Found a shadowy altar of Dithmenos.
    45 | D        | Found a white marble altar of Elyvilon.
    45 | D        | Found a blossoming altar of Fedhas.
    45 | D        | Found an opulent altar of Gozag.
    46 | D        | Found a hazy altar of Hepliaklqana.
    47 | D        | Found a viscous altar of Jiyva.
    48 | D        | Found an ancient bone altar of Kikubaaqudgha.
    49 | D        | Found a corrupted altar of Lugonu.
    50 | D        | Found a burning altar of Makhleb.
    51 | D        | Found a sparkling altar of Nemelex Xobeh.
    52 | D        | Found an iron altar of Okawaru.
    53 | D        | Found a stormy altar of Qazlal.
    54 | D        | Found a sacrificial altar of Ru.
    55 | D        | Found a deep blue altar of Sif Muna.
    56 | D        | Found a bloodstained altar of Trog.
    57 | D        | Found a hide-covered altar of Uskayaw.
    58 | D        | Found a radiant altar of Vehumet.
    59 | D        | Found an ornate altar of the Wu Jian Council.
    60 | D        | Found a shimmering altar of Xom.
    61 | D        | Found a basalt altar of Yredelemnul.
    62 | D        | Found a glowing silver altar of Zin.
    63 | D        | Found a glowing golden altar of the Shining One.
    71 | D        | Wingboner: Это у кого не хватало статов под статуей убить Меннаса, лол?
    71 | D        | ololoev: [p
    71 | D        | Became a worshipper of the Shining One
    72 | D        | ololoev: хз
    91 | D        | Wingboner: Тем более в текущей версии статую переделали.
   101 | D        | ololoev: судя по тому как в группе вк учат играть в кравл - я не удивлюсь если так оно и было
   103 | D        | Wingboner: Она больше не зависит от силы так.
   103 | D        | Noticed a two-headed ogre
   103 | D        | Reached * piety under the Shining One
   103 | D        | Noticed a bullfrog
   103 | D        | Noticed an orc warrior
   103 | D        | Noticed a phantom
   113 | D        | Killed a phantom
   113 | D        | Reached ** piety under the Shining One
   113 | D        | Reached skill level 4 in Fighting
   113 | D        | Reached skill level 10 in Maces & Flails
   113 | D        | Reached XP level 5. HP: 36/51 MP: 4/4
   113 | D        | HP: 24/51 [orc warrior/mace (12)]
   114 | D        | DEFE: ага
   121 | D        | DEFE: теперь котам праздник
   125 | D        | Killed a two-headed ogre
   125 | D        | Reached skill level 8 in Fighting
   125 | D        | Reached skill level 14 in Maces & Flails
   125 | D        | ololoev: дефир ты можешь в следующий уровень нырнуть и там выход найти
   125 | D        | Reached XP level 6. HP: 36/67 MP: 5/5
   125 | D        | Reached XP level 7. HP: 40/74 MP: 6/6
   126 | D        | DEFE: могу да
   129 | D        | Reached skill level 9 in Fighting
   129 | D        | Reached XP level 8. HP: 46/85 MP: 7/7
   131 | D        | DEFE: но интересно что с этим уровнем не так
   131 | D        | Wingboner: Да, я всё никак не соберусь толком поиграть котом Сиф.
   176 | D        | Reached *** piety under the Shining One
   176 | D        | Noticed a hippogriff
   177 | D        | DEFE: а зачем Сиф?
   182 | D        | Wingboner: Чтобы статую получить, очевидно.
   194 | D        | Reached skill level 4 in Armour
   194 | D        | Reached skill level 2 in Dodging
   194 | D        | Reached skill level 4 in Shields
   211 | D        | Killed a hippogriff
   211 | D        | Reached skill level 5 in Armour
   211 | D        | Reached skill level 3 in Dodging
   211 | D        | Reached skill level 5 in Shields
   219 | D        | Reached skill level 4 in Dodging
   243 | D        | DEFE: ну она довольно частая
   382 | D        | ololoev: лол я что-то пропустил и "колечко полета сейчас автоматически активируется" если у тебя над водой флайт закончился?
   382 | D        | DEFE: она же и в земле
   396 | D        | DEFE: и трансфигуре
   417 | D        | Wingboner: Нет, кольцо не нужно.
   417 | D        | DEFE: теперь вроде нельзя утонуть
   417 | D        | Wingboner: Это "отчаянный полёт", если ты над водой без источника полёта то ты не утонешь.
   417 | D        | ololoev: там просто чел из вк делится откровениями
   417 | D        | Reached **** piety under the Shining One
   417 | D        | Noticed a spiny frog
   417 | D        | Noticed a spiny frog
   417 | D        | Noticed a spiny frog
   425 | D        | Wingboner: Но тебя очень сильно будет дрейнить.
   433 | D        | Killed a spiny frog
   433 | D        | Reached skill level 10 in Fighting
   433 | D        | Reached skill level 6 in Armour
   433 | D        | Reached skill level 5 in Dodging
   433 | D        | Reached skill level 6 in Shields
   433 | D        | Reached skill level 2 in Invocations
   435 | D        | HP: 42/86 [spiny frog (4)]
   440 | D        | Killed a spiny frog
   440 | D        | Reached skill level 4 in Invocations
   440 | D        | ololoev: как спастись над водой если с тебя боты полета слетели
   440 | D        | Gained mutation: You passively map the area around you. [Deep Dwarf growth]
   440 | D        | Reached XP level 9. HP: 59/93 MP: 5/11
   441 | D        | Wingboner: Кольцо не нужно. Можешь бутылку выпить, и как она закончится начнётся отчаянный полёт.
   443 | D        | HP: 40/93 [spiny frog (12)]
   449 | D        | HP: 29/93 [spiny frog (18)]
   452 | D        | Killed a spiny frog
   452 | D        | Reached skill level 7 in Armour
   452 | D        | Reached skill level 6 in Dodging
   452 | D        | Reached skill level 7 in Shields
   452 | D        | Reached skill level 5 in Invocations
   459 | D        | Reached skill level 6 in Invocations
   468 | D        | Reached skill level 7 in Dodging
   472 | D        | ololoev: это я помню что там спецполет включается, я думал может пока я не играл что новое появилось
   474 | D        | Reached skill level 8 in Armour
   474 | D        | Reached skill level 8 in Shields
   478 | D        | Wingboner: Кстати, нельзя умереть с голоду, если у тебя в инвентаре есть еда.
   492 | D        | Noticed a spiny frog
   492 | D        | Noticed a rime drake
   492 | D        | Noticed a komodo dragon
   492 | D        | Noticed a spiny frog
   492 | D        | Reached ***** piety under the Shining One
   492 | D        | Noticed a spiny frog
   496 | D        | Wingboner: Ты автоматически вместо смерти съешь булку.
   504 | D        | DEFE: лол как так
   509 | D        | Killed a spiny frog
   509 | D        | Reached skill level 11 in Fighting
   509 | D        | Reached skill level 7 in Invocations
   512 | D        | Wingboner: Вот так.
   512 | D        | DEFE: а если я в параличе
   516 | D        | Wingboner: А пофиг.
   517 | D        | Killed a spiny frog
   520 | D        | ololoev: лол очередной прикол из вк!
   523 | D        | Killed a komodo dragon
   523 | D        | Reached skill level 8 in Dodging
   523 | D        | Reached XP level 10. HP: 72/105 MP: 7/12
   530 | D        | Reached skill level 9 in Armour
   530 | D        | Reached skill level 9 in Shields
   530 | D        | Reached skill level 8 in Invocations
   539 | D        | Killed a spiny frog
   576 | D        | ololoev: чел помер от волта когда куча народу вокруг лестницы стоит, типа как в В5
   584 | D        | Reached skill level 12 in Fighting
   602 | D        | Reached skill level 9 in Dodging
   602 | D        | Reached skill level 9 in Invocations
   637 | D        | Wingboner: Ну да, там вполне можно помереть. У этого волта повышенный шанс на злых уников.
   644 | D        | Reached skill level 10 in Armour
   644 | D        | Reached skill level 10 in Shields
   655 | D        | Wingboner: Руперт запросто может сгенериться.
   665 | D        | ololoev: а нет
   665 | D        | ololoev: тот чел про д2 говорит
   665 | D        | ololoev: это наверное робин
   696 | D        | ololoev: "вокруг лестницы именной орк и еще 10-15 обычных,"
   715 | D        | Noticed Erica
   716 | D        | ololoev: вот я и подумал про круг
   723 | D        | ololoev: но от круга мне кажется сложно помереть
   732 | D        | Killed Erica
   732 | D        | Reached skill level 10 in Invocations
   735 | D        | Wingboner: Ну это могло ему на блорка с пачкой повезти.
   740 | D        | Noticed Harold
   754 | D        | HP: 52/109 [Harold/mace (7)]
   762 | D        | Killed Harold
   762 | D        | Reached skill level 13 in Fighting
   762 | D        | Reached skill level 10 in Dodging
   792 | D        | Wingboner: Но он вроде глубже д2.
   792 | D        | ololoev: либо ты спускаешься, ложишь в штаны и поднимаешься, либо спускаешься и мочишь
   795 | D        | Wingboner: !lm * uniq~~blork s=place
   852 | D        | Reached ****** piety under the Shining One
   855 | D        | Reached XP level 11. HP: 111/117 MP: 13/13
   875 | D        | DEFE: Еще вариант - теле
   883 | D        | Wingboner: Ну я однажды конфуз поймал, когда пытался подняться.
   906 | D        | DEFE: да там запросто умереть можно
   907 | D        | DEFE: лестницы зло
   925 | D        | DEFE: я недавно умер об кобольдов
   928 | D        | DEFE: спустился прямо в толпу кобольдов
   928 | D        | DEFE: у одного ядовитая алебарда
  1185 | D        | DEFE: на сразу начал поднимать
  1186 | D        | DEFE: пока поднимался словил сетку
  1188 | D        | DEFE: конец
  1188 | D        | Wingboner: О, кстати, один буржуй, за которым я наблюдал, очень здорово помер на лестнице. Сейчас поищу.
  1437 | D        | Noticed an orc high priest
  1471 | D        | Killed an orc high priest
  1472 | D        | DEFE: Приячем это был первый спуск на этот уровень
  1477 | D        | Reached skill level 11 in Invocations
  1504 | D        | Reached skill level 11 in Armour
  1537 | D        | ololoev: еще один чел из вк полез в эльфы на 14 лвле
  1543 | D        | Wingboner: http://crawl.akrasiac.org/rawdata/Tegga21/morgue-Tegga21-20170529-070738.txt
  1566 | D        | Wingboner: Ну это реально.
  1567 | D        | Found Linwu's General Store.
  1567 | D        | Noticed an orc knight
  1567 | D        | Noticed an orc knight
  1567 | D        | Noticed an orc knight
  1575 | D        | HP: 50/117 [orc knight/enchanted great mace (36)]
  1576 | D        | Wingboner: !lm . place=elf min=xl
  1576 | D        | beem: 671. [2016-05-06 20:19:58] Wingboner the Cleaver (L12 DDFi of Makhleb) entered the Elven Halls on turn 9413. (Orc:2)
  1581 | D        | Killed an orc knight
  1581 | D        | Reached skill level 11 in Shields
  1590 | D        | Killed an orc knight
  1591 | D        | Found Gonus's Armour Shop.
  1599 | D        | Killed an orc knight
  1599 | D        | Reached skill level 15 in Maces & Flails
  1604 | D        | Found Unamuomi's General Store.
  1613 | D        | Found Cicluys's Jewellery Shop.
  1616 | D        | ololoev: он играл за HEAE^Ru
  1616 | D        | DEFE: Ну кстати я сам наверное проходил эльфов на XL14
  1616 | D        | ololoev: бегал мочил всех эирстрайками и армагеддонами
  1616 | D        | Wingboner: Если персонажу сильно повезло на шмот, то 14 это вполне вменяемо.
  1616 | D        | DEFE: если MR+++ есть и на шмот повезло, то можно сразу из орков идти в эльфы
  1617 | D        | Noticed an orc knight
  1622 | D        | Noticed an orc knight
  1642 | D        | Killed an orc knight
  1642 | D        | Reached skill level 11 in Dodging
  1652 | D        | ololoev: это норм если у тебя норм билд
  1656 | D        | HP: 52/118 [orc knight/enchanted bardiche (39)]
  1664 | D        | Killed an orc knight
  1668 | D        | ololoev: HEAE^Ru пока ждет перезарядки армагеддона может от любой йлетающей алебарды загнуться за пару ходов
  1681 | D        | Bought the cursed +0 plate armour of Imaumpag {rF+++ rC+ Int-3} for 815 gold pieces
  1681 | D        | Bought the +4 pair of gloves of Crawling {MR+ Regen+} for 482 gold pieces
  1701 | D        | DEFE: Вообще странный выбор
  1701 | D        | Wingboner: У меня DEAE однажды вкачал торнадо к L8.
  1715 | D        | Wingboner: Так что тут тоже всяко бывает.
  1717 | D        | DEFE: так это с вехом должно быть
  1744 | D        | Wingboner: Угу.
  1744 | D        | DEFE: вех и колечко виз
  1815 | D        | DEFE: тогда можно очень рано кастовать
  1848 | D        | Noticed Gastronok
  1865 | D        | Killed Gastronok
  1865 | D        | Reached skill level 12 in Invocations
  1868 | D        | Wingboner: А текущий персонаж к первой руне вкачал, DsTm^Che
  1868 | D        | ololoev: нойс шапка
  1870 | D        | ololoev: для кастера
  1873 | D        | DEFE: только нинужнв
  1907 | D        | DEFE: тут скорость важнее
  1908 | D        | Wingboner: &dump
  1908 | D        | beem: http://CRAWL.XTAHUA.COM/crawl/morgue/casual/casual.txt
  1921 | D        | DEFE: ТРИПЛ
  1923 | D        | DEFE: зацени
  1923 | D        | DEFE: я бы взял, лол
  1923 | D        | DEFE: тут быстро раскачается
  1923 | D        | Wingboner: Так не по скилу ж?
  1923 | D        | DEFE: все равно дубины нет хоошей
  1923 | D        | theanonym: А чё он, только антимагик
  1923 | D        | Wingboner: А трипла годная.
  1923 | D        | Wingboner: Особенно антимагия в палочнике.
  1923 | D        | Got the +5 triple sword "Wuatono" {antimagic, rC+ Str+4 Int+4}
  1930 | D        | DEFE: так антимагик это крутой бренд
  1951 | D        | DEFE: просто дубина может вообще не упасть
  1951 | D        | DEFE: нормальная
  1951 | D        | DEFE: а щит нинужен с ТСО
  1951 | D        | theanonym: Медляки можно брать тут
  1961 | D        | DEFE: резисты лучше
  1962 | D        | theanonym: Долго качать
  1962 | D        | DEFE: ну и что?
  1962 | D        | DEFE: тебе еще долго играть
  1962 | D        | Wingboner: ??is clan down
  1962 | D        | beem: 11 days, 15 hours, 21 minutes, 25 seconds since last activity (clan)
  1962 | D        | DEFE: клан опять упал?
  1962 | D        | Wingboner: Винт помер.
  1962 | D        | Wingboner: Ждём, пока новый сервер привезут.
  1962 | D        | DEFE: какое-то проклятье над ним висит
  1962 | D        | Wingboner: Ну хоть не sz/
  1962 | D        | DEFE: в прошлый раз он сколько висел?
  1962 | D        | DEFE: дней 40?
  1991 | D        | Noticed a centaur warrior
  1995 | D        | Reached skill level 3 in Long Blades
  2000 | D        | Noticed an ogre mage
  2000 | D        | Reached skill level 4 in Long Blades
  2006 | D        | Reached skill level 5 in Long Blades
  2007 | D        | Noticed a centaur warrior
  2013 | D        | Killed a centaur warrior
  2013 | D        | Reached skill level 7 in Long Blades
  2013 | D        | Reached XP level 12. HP: 124/127 MP: 12/12
  2016 | D        | Reached skill level 8 in Long Blades
  2029 | D        | Killed an ogre mage
  2029 | D        | Reached skill level 9 in Long Blades
  2036 | D        | Killed a centaur warrior
  2036 | D        | Reached skill level 10 in Long Blades
  2047 | D        | Reached skill level 11 in Long Blades
  2048 | D        | Noticed an ettin
  2049 | D        | Noticed a fire giant
  2063 | D        | Killed a fire giant
  2063 | D        | Reached skill level 12 in Long Blades
  2070 | D        | Killed an ettin
  2160 | D        | Noticed Saint Roka
  2169 | D        | HP: 58/127 [Saint Roka/divine providence (12)]
  2171 | D        | Reached skill level 13 in Long Blades
  2174 | D        | HP: 37/127 [Saint Roka/great sword (21)]
  2187 | D        | HP: 58/127 [Saint Roka/divine providence (12)]
  2193 | D        | HP: 35/127 [Saint Roka/divine providence (13)]
  2204 | D        | Killed Saint Roka
  2204 | D        | Reached skill level 15 in Long Blades
  2253 | D        | Noticed Nergalle
  2270 | D        | Killed Nergalle
  2299 | D        | Noticed an emperor scorpion
  2305 | D        | Reached skill level 16 in Long Blades
  2326 | D        | HP: 63/127 [poisoned by an emperor scorpion]
  2338 | D        | Killed an emperor scorpion
  2339 | D        | HP: 61/127 [poisoned by an emperor scorpion]
  2344 | D        | HP: 51/127 [poisoned by an emperor scorpion]
  2350 | D        | Reached skill level 17 in Long Blades
  2356 | D        | Reached XP level 13. HP: 54/134 MP: 8/8
  2382 | D        | Noticed a merfolk impaler
  2409 | D        | Killed a merfolk impaler
  2421 | D        | Reached skill level 18 in Long Blades
  2524 | D        | HP: 67/134 [shock serpent/electric aura (5)]
  2528 | D        | Reached skill level 19 in Long Blades
  2535 | D        | HP: 67/134 [naga sharpshooter/arrow (13)]
  2545 | D        | HP: 57/134 [guardian serpent/bolt of poison (10)]
  2595 | D        | Reached skill level 20 in Long Blades
  2785 | D        | Noticed Aizul
  2800 | D        | Killed Aizul
  2800 | D        | Reached skill level 21 in Long Blades
  2857 | D        | Noticed a frost giant
  2857 | D        | Noticed a vampire knight
  2858 | D        | Noticed a fire giant
  2863 | D        | Noticed an ettin
  2870 | D        | Killed a vampire knight
  2873 | D        | Noticed a stone giant
  2878 | D        | Noticed a fire dragon
  2883 | D        | HP: 62/134 [yaktaur captain (11)]
  2888 | D        | Reached skill level 22 in Long Blades
  2889 | D        | HP: 60/134 [frost giant/battleaxe of freezing (20)]
  2898 | D        | Noticed a red very ugly thing
  2901 | D        | Killed a frost giant
  2907 | D        | Noticed a stone giant
  2907 | D        | Killed a fire giant
  2908 | D        | Noticed a brown very ugly thing
  2915 | D        | Killed a stone giant
  2915 | D        | Reached skill level 23 in Long Blades
  2919 | D        | Killed a red very ugly thing
  2922 | D        | HP: 65/134 [ettin/dire flail (4)]
  2925 | D        | Noticed a fire dragon
  2925 | D        | Killed an ettin
  2925 | D        | Gained mutation: You resist negative energy. (rN+) [Deep Dwarf growth]
  2925 | D        | Reached XP level 14. HP: 67/142 MP: 3/3
  2931 | D        | HP: 44/142 [stone giant/large rock (19)]
  2940 | D        | Killed a stone giant
  2946 | D        | Killed a brown very ugly thing
  2946 | D        | Reached skill level 24 in Long Blades
  2952 | D        | Reached skill level 12 in Armour
  2955 | D        | Reached skill level 14 in Fighting
  2958 | D        | Reached skill level 12 in Dodging
  2995 | D        | Noticed a vault warden
  3024 | D        | Killed a vault warden
  3024 | D        | Reached skill level 13 in Armour
  3028 | D        | Reached skill level 13 in Dodging
  3029 | D        | HP: 59/145 [orc knight/battleaxe of chopping (19)]
  3045 | D        | Noticed an ironheart preserver
  3047 | D        | Reached skill level 15 in Fighting
  3053 | D        | Noticed a vault warden
  3061 | D        | Killed an ironheart preserver
  3061 | D        | Reached skill level 14 in Armour
  3062 | D        | Noticed an ironheart preserver
  3066 | D        | HP: 66/147 [vault warden/halberd (8)]
  3069 | D        | Noticed a stone giant
  3074 | D        | HP: 65/147 [vault warden/halberd (1)]
  3082 | D        | HP: 64/147 [vault warden/halberd (1)]
  3084 | D        | Killed a vault warden
  3084 | D        | Reached skill level 14 in Dodging
  3085 | D        | DEFE: так
  3085 | D        | DEFE: а
  3086 | D        | Killed an ironheart preserver
  3087 | D        | DEFE: че ты ты
  3087 | D        | DEFE: качай срочно спеллкастинг
  3087 | D        | theanonym: Интернет еле работает
  3087 | D        | DEFE: к тебя маны нет
  3087 | D        | theanonym: Да я вижу
  3090 | D        | HP: 31/147 [yaktaur captain (13)]
  3093 | D        | Reached skill level 2 in Spellcasting
  3098 | D        | Killed a stone giant
  3098 | D        | Reached skill level 4 in Spellcasting
  3100 | D        | Noticed a sphinx
  3100 | D        | DEFE: Ща ковокер цереова призовет
  3100 | D        | DEFE: или ооф
  3105 | D        | Reached skill level 5 in Spellcasting
  3109 | D        | Reached skill level 6 in Spellcasting
  3113 | D        | HP: 64/147 [sphinx (22)]
  3115 | D        | Killed a sphinx
  3115 | D        | Reached skill level 7 in Spellcasting
  3122 | D        | Reached skill level 8 in Spellcasting
  3126 | D        | HP: 48/147 [vault guard/dire flail (6)]
  3133 | D        | HP: 42/147 [vault guard/dire flail (6)]
  3134 | D        | Reached skill level 9 in Spellcasting
  3152 | D        | DEFE: вампирика нет?
  3397 | D        | DEFE: ctrl-f vamp
  3411 | D        | theanonym: 1 EV за 6 ловковтси
  3417 | D        | DEFE: за 3
  3425 | D        | DEFE: а
  3425 | D        | DEFE: вампирик тебе нельзя
  3425 | D        | DEFE: беда
  3436 | D        | Got the +2 chain mail of Keoquovu {rF- Dex+8}
  3470 | D        | DEFE: придется превозмогать до демонов
  3471 | D        | theanonym: Может муты выпить
  3503 | D        | Noticed Frederick
  3523 | D        | Killed Frederick
  3523 | D        | Reached skill level 11 in Spellcasting
  3523 | D        | Reached XP level 15. HP: 139/154 MP: 4/6
  3582 | D        | Noticed Ilsuiw
  3589 | D        | Reached skill level 12 in Spellcasting
  3621 | D        | DEFE: да бей мечеом
  3622 | D        | Killed Ilsuiw
  3622 | D        | Reached skill level 13 in Spellcasting
  3640 | D        | Reached skill level 14 in Spellcasting
  3668 | D        | Noticed a ghost moth
  3675 | D        | DEFE: вовремя
  3684 | D        | Reached skill level 15 in Spellcasting
  3686 | D        | DEFE: ты вспомнил про рПойз
  3686 | D        | HP: 77/154 [poisoned by an emperor scorpion]
  3688 | D        | DEFE: лол
  3689 | D        | DEFE: там дальше еще наги
  3698 | D        | HP: 58/154 [emperor scorpion (13)]
  3703 | D        | HP: 67/154 [poisoned by an emperor scorpion]
  3714 | D        | Killed a ghost moth
  3720 | D        | HP: 71/154 [emperor scorpion (11)]
  3725 | D        | Reached skill level 16 in Spellcasting
  3745 | D        | Got a gossamer rune of Zot
  3763 | D        | Got a barnacled rune of Zot
  4893 | D        | Reached skill level 17 in Spellcasting
  4928 | D        | Reached skill level 18 in Spellcasting
  4931 | D        | Got a decaying rune of Zot
  4941 | D        | Noticed a nagaraja
  4941 | D        | Noticed a nagaraja
  4942 | D        | Noticed a nagaraja
  4955 | D        | Killed a nagaraja
  4957 | D        | Noticed a nagaraja
  4962 | D        | Killed a nagaraja
  4967 | D        | Killed a nagaraja
  4968 | D        | HP: 78/156 [nagaraja/poison arrow (11)]
  4975 | D        | Killed a nagaraja
  4975 | D        | Reached skill level 19 in Spellcasting
  5032 | D        | theanonym: 8 маны бы удерживать
  5045 | D        | Noticed Jory
  5067 | D        | Killed Jory
  5067 | D        | Reached skill level 16 in Fighting
  5067 | D        | Reached skill level 20 in Spellcasting
  5097 | D        | Noticed Boris
  5114 | D        | Killed Boris
  5114 | D        | Reached XP level 16. HP: 168/168 MP: 7/11
  5130 | D        | Noticed Nikola
  5141 | D        | Killed Nikola
  5141 | D        | Reached skill level 17 in Fighting
  5178 | D        | Reached skill level 21 in Spellcasting
  5202 | D        | Reached skill level 18 in Fighting
  5251 | D        | Reached skill level 19 in Fighting
  5269 | D        | Reached skill level 22 in Spellcasting
  5313 | D        | HP: 80/177 [vault warden/long sword of freezing (10)]
  5319 | D        | Reached skill level 20 in Fighting
  5321 | D        | HP: 57/177 [flayed ghost/flay_damage (21)]
  5325 | D        | Noticed a shadow dragon
  5334 | D        | Noticed a shadow dragon
  5361 | D        | Killed a shadow dragon
  5361 | D        | Reached skill level 23 in Spellcasting
  5375 | D        | Killed a shadow dragon
  5417 | D        | Noticed a shadow dragon
  5417 | D        | Noticed a shadow dragon
  5417 | D        | Noticed a shadow dragon
  5421 | D        | Killed a shadow dragon
  5422 | D        | Noticed a shadow dragon
  5428 | D        | Reached skill level 24 in Spellcasting
  5436 | D        | Killed a shadow dragon
  5448 | D        | Killed a shadow dragon
  5485 | D        | Killed a shadow dragon
  5485 | D        | Reached skill level 25 in Spellcasting
  5495 | D        | Got a silver rune of Zot
  5496 | D        | Identified the Compendium of Confrontation
  5606 | D        | Got the ring of Devotion {+Inv MR+ Int-4 Dex+5 SInv}
  5608 | D        | Got the amulet of Suicidal Tendencies {Fragile rF++ Regen+ Int+3}
  5610 | D        | Got the ring "Ymec" {rPois rF+}
  5612 | D        | Got the ring of Xom's Full Attention {+Inv rN+ Str+3 Dex+3}
  5614 | D        | Got the ring of Gesk {rC+ SInv}
  5618 | D        | Found the +11 plutonium sword {*Contam Stlth-}
  5624 | D        | DEFE: ПЛУТОНИЙ
  5626 | D        | DEFE: это успех
  5626 | D        | theanonym: Чё он сильно лучше?
  5626 | D        | DEFE: конечно
  5635 | D        | DEFE: ??plutoni
  5635 | D        | beem: I don't have a page labeled plutoni in my learndb.
  5635 | D        | DEFE: ??plutonium
  5635 | D        | beem: plutonium ~ plutonian[1/2]: Ancient experimental species. Gets contam instead of hunger but loses contam on killing things. Their MP and HP regeneration are faster the higher their contam is.
  5636 | D        | DEFE: ??plutonium sword
  5636 | D        | beem: plutonium sword[1/4]: The +11 plutonium sword {Contam Stlth-}. A triple sword. Sometimes causes transmutation miscasts (damage, weakness, malmutate, polymorph) on things it hits.
  5636 | D        | DEFE: ??plutonium sword[2
  5636 | D        | beem: plutonium sword[2/4]: I feel like learndb should have an entry on not hitting ballistomycetes with plutonium sword.
  5645 | D        | Got the +0 gold dragon scales of Untruth {rPois rF+ rC+ Dex+2}
  5646 | D        | DEFE: ULF
  5656 | D        | DEFE: GDA
  5704 | D        | DEFE: зачаруй ее
  5705 | D        | DEFE: и сними полет
  5705 | D        | DEFE: а она артефактная
  5705 | D        | theanonym: Арт
  5705 | D        | DEFE: ну что поделать
  5705 | D        | DEFE: все равно лучше
  5705 | D        | theanonym: А чё полёт?
  5705 | D        | theanonym: Вода бывает под ногами
  5705 | D        | DEFE: рпойз кольцо не надо носить
  5705 | D        | DEFE: титаны могут аирстраком бить
  5705 | D        | DEFE: и близард демоны
  5706 | D        | DEFE: и аирмаги-спригганы
  5729 | D        | Noticed Louise
  5732 | D        | Noticed Xtahua
  5734 | D        | Noticed Louise
  5734 | D        | Louise changed into Louise the minotaur
  5737 | D        | Killed Louise the minotaur
  5747 | D        | Killed Xtahua
  5747 | D        | Reached skill level 15 in Armour
  5747 | D        | Reached skill level 15 in Dodging
  5747 | D        | Reached XP level 17. HP: 159/187 MP: 15/15
  5748 | D        | DEFE: лол
  5751 | D        | DEFE: полиморфнул
  5755 | D        | DEFE: Луизу
  5755 | D        | theanonym: Ага
  5755 | D        | Noticed Margery
  5781 | D        | Killed Margery
  5781 | D        | Reached skill level 16 in Armour
  5788 | D        | Reached skill level 16 in Dodging
  5858 | D        | Reached skill level 21 in Fighting
  5863 | D        | DEFE: 25
  5875 | D        | DEFE: vtl;br
  5876 | D        | DEFE: магии
  5877 | D        | DEFE: набролось где-то
  5877 | D        | Reached skill level 17 in Armour
  5878 | D        | DEFE: а
  5878 | D        | DEFE: антимагик снял
  5878 | D        | theanonym: Не знал что он ману убавляет
  5881 | D        | Reached skill level 17 in Dodging
  5921 | D        | Reached skill level 18 in Armour
  5933 | D        | Reached skill level 18 in Dodging
  5952 | D        | Reached skill level 22 in Fighting
  5985 | D        | Reached skill level 19 in Dodging
  6019 | D        | Noticed a quicksilver dragon
  6029 | D        | Reached skill level 20 in Dodging
  6035 | D        | a quicksilver dragon changed into a dire elephant
  6041 | D        | Reached skill level 23 in Fighting
  6077 | D        | Reached skill level 24 in Fighting
  6094 | D        | Noticed a curse toe
  6119 | D        | HP: 88/199 [??? (44)]
  6125 | D        | HP: 61/200 [??? (27)]
  6131 | D        | Killed a curse toe
  6131 | D        | Reached skill level 25 in Fighting
  6136 | D        | HP: 101/202 [death cob (9)]
  6142 | D        | Reached skill level 13 in Invocations
  6146 | D        | HP: 100/202 [black draconian annihilator/bolt of lightning (24)]
  6179 | D        | Noticed a tentacled monstrosity
  6192 | D        | Reached skill level 14 in Invocations
  6201 | D        | Killed a tentacled monstrosity
  6201 | D        | Reached skill level 15 in Invocations
  6201 | D        | Gained mutation: You passively map a large area around you. [Deep Dwarf growth]
  6201 | D        | Reached XP level 18. HP: 212/212 MP: 12/12
  6221 | D        | Reached skill level 26 in Fighting
  6318 | D        | Noticed an Orb Guardian
  6318 | D        | Noticed an Orb Guardian
  6318 | D        | Noticed an Orb Guardian
  6318 | D        | Noticed an Orb Guardian
  6318 | D        | Noticed an Orb Guardian
  6318 | D        | Noticed an Orb Guardian
  6319 | D        | an Orb Guardian changed into a death yak
  6326 | D        | Killed an Orb Guardian
  6330 | D        | Killed an Orb Guardian
  6339 | D        | Killed an Orb Guardian
  6339 | D        | Reached skill level 27 in Fighting
  6339 | D        | DEFE: мечи докачай-то
  6340 | D        | an Orb Guardian changed into a storm dragon
  6343 | D        | Noticed an Orb Guardian
  6346 | D        | Reached skill level 16 in Invocations
  6350 | D        | Killed an Orb Guardian
  6353 | D        | Killed an Orb Guardian
  6353 | D        | Reached skill level 17 in Invocations
  6356 | D        | Noticed an Orb Guardian
  6357 | D        | Noticed an Orb Guardian
  6358 | D        | Noticed an Orb Guardian
  6366 | D        | Killed an Orb Guardian
  6371 | D        | Killed an Orb Guardian
  6371 | D        | Reached skill level 18 in Invocations
  6381 | D        | Killed an Orb Guardian
  6381 | D        | Reached skill level 21 in Dodging
  6391 | D        | Noticed an Orb Guardian
  6391 | D        | Noticed an Orb Guardian
  6392 | D        | Noticed an Orb Guardian
  6397 | D        | Noticed an Orb Guardian
  6397 | D        | Reached skill level 19 in Invocations
  6399 | D        | an Orb Guardian changed into an iron troll
  6405 | D        | Killed an Orb Guardian
  6409 | D        | Reached skill level 20 in Invocations
  6413 | D        | HP: 102/218 [Orb Guardian (33)]
  6418 | D        | DEFE: лол
  6418 | D        | theanonym: Нихуя
  6418 | D        | DEFE: думал ты самый умный?
  6418 | D        | DEFE: ну хилься да убей их
  6418 | D        | theanonym: Рипостов ноль вообще
  6427 | D        | Killed an Orb Guardian
  6427 | D        | Reached skill level 25 in Long Blades
  6429 | D        | Killed an Orb Guardian
  6429 | D        | Reached skill level 21 in Invocations
  6438 | D        | Noticed an ancient lich
  6444 | D        | Killed an ancient lich
  6444 | D        | Reached skill level 22 in Dodging
  6444 | D        | Reached skill level 22 in Invocations
  6446 | D        | Noticed an orb of fire
  6454 | D        | Killed an orb of fire
  6454 | D        | Reached skill level 23 in Invocations
  6458 | D        | Noticed an electric golem
  6470 | D        | Killed an electric golem
  6474 | D        | Noticed an Orb Guardian
  6474 | D        | Noticed an Orb Guardian
  6474 | D        | Noticed an orb of fire
  6474 | D        | Noticed an Orb Guardian
  6474 | D        | Noticed a golden dragon
  6479 | D        | Noticed an orb of fire
  6479 | D        | Killed a golden dragon
  6479 | D        | Reached skill level 24 in Invocations
  6487 | D        | Gained mutation: Scrolls take you a little longer to read. [an orb of fire]
  6489 | D        | Killed an orb of fire
  6489 | D        | Reached skill level 26 in Long Blades
  6489 | D        | Reached skill level 23 in Dodging
  6489 | D        | Reached skill level 25 in Invocations
  6492 | D        | Killed an Orb Guardian
  6493 | D        | Noticed an ancient lich
  6497 | D        | Noticed an orb of fire
  6497 | D        | Gained mutation: Your spells are a little easier to cast, but a little less powerful. [an orb of fire]
  6500 | D        | Killed an orb of fire
  6500 | D        | Reached skill level 26 in Invocations
  6500 | D        | Reached XP level 19. HP: 176/226 MP: 1/11
  6503 | D        | Reached skill level 24 in Dodging
  6506 | D        | Noticed a Killer Klown
  6506 | D        | Reached skill level 27 in Invocations
  6511 | D        | Killed an ancient lich
  6511 | D        | Reached skill level 27 in Long Blades
  6511 | D        | Reached skill level 25 in Dodging
  6518 | D        | Killed an orb of fire
  6518 | D        | Reached skill level 26 in Dodging
  6531 | D        | Reached skill level 27 in Dodging
  6531 | D        | DEFE: нинужны
  6531 | D        | Reached skill level 19 in Armour
  6543 | D        | Killed a Killer Klown
  6543 | D        | Reached skill level 20 in Armour
  6548 | D        | Reached skill level 21 in Armour
  6571 | D        | Reached skill level 22 in Armour
  6585 | D        | Reached skill level 23 in Armour
  6598 | D        | Reached skill level 24 in Armour
  6611 | D        | Reached skill level 25 in Armour
  6618 | D        | Reached skill level 26 in Armour
  6628 | D        | DEFE: не бери
  6630 | D        | DEFE: орб
  6635 | D        | theanonym: Логично
  6645 | D        | theanonym: SH таки от инвока растёт?
  6645 | D        | theanonym: Я бы раньше качал
  6701 | D        | DEFE: да
  6719 | D        | Noticed a lich
  6719 | D        | Noticed an ancient lich
  6735 | D        | Killed an ancient lich
  6735 | D        | Reached skill level 27 in Armour
  6735 | D        | Reached skill level 9 in Evocations
  6740 | D        | Reached skill level 11 in Evocations
  6745 | D        | Killed a lich
  6745 | D        | Reached skill level 13 in Evocations
  6745 | D        | Reached skill level 14 in Evocations
  6751 | D        | Reached skill level 15 in Evocations
  6759 | D        | Reached skill level 16 in Evocations
  6768 | D        | Reached skill level 17 in Evocations
  6773 | D        | Reached skill level 18 in Evocations
  6795 | D        | Reached skill level 19 in Evocations
  6819 | D        | DEFE: о
  6820 | D        | DEFE: а там просто трипл есть
  6833 | D        | Reached skill level 20 in Evocations
  6833 | D        | Reached XP level 20. HP: 236/236 MP: 12/12
  6834 | D        | DEFE: после того как убьешь желе можешь захолить его
  6834 | D        | DEFE: и с ним ходить
  6849 | D        | Reached skill level 21 in Evocations
  6854 | D        | Reached skill level 22 in Evocations
  6863 | D        | Reached skill level 23 in Evocations
  6872 | D        | DEFE: надеюсь у тебя ест рКорр
  6872 | D        | theanonym: Тормент для DD боль
  6872 | D        | DEFE: Что поделать
  6872 | D        | theanonym: Нету
  6872 | D        | DEFE: есть
  6872 | D        | theanonym: Этот синий так и будет торментить в ноль
  6872 | D        | DEFE: Так убей
  6872 | D        | DEFE: саммонеров
  6872 | D        | DEFE: тормент не убивает
  6872 | D        | DEFE: не бойся
  6873 | D        | HP: 110/236 [deep elf high priest/divine providence (10)]
  6878 | D        | HP: 53/236 [???[a deep elf demonologist] (24)]
  6881 | D        | theanonym: Мда
  6881 | D        | DEFE: лол
  6881 | D        | DEFE: a-b
  6881 | D        | DEFE: нажми
  6882 | D        | DEFE: и еще
  6882 | D        | Reached skill level 24 in Evocations
  6885 | D        | DEFE: вот и все
  6885 | D        | HP: 61/236 [deep elf high priest/damnation (20)]
  6890 | D        | HP: 65/236 [deep elf high priest/divine providence (9)]
  6895 | D        | HP: 84/236 [small abomination[a deep elf high priest] (4)]
  6928 | D        | Got an elven rune of Zot
  7586 | D        | theanonym: Эльфийская руна
  7586 | D        | Got a serpentine rune of Zot
  8262 | D        | Bought an uncursed ring of resist corrosion for 260 gold pieces
  9282 | D        | DEFE: fuf
  9282 | D        | DEFE: ага
  9623 | D        | Noticed the Royal Jelly
  9623 | D        | Reached skill level 26 in Spellcasting
  9638 | D        | Killed the Royal Jelly
  9638 | D        | Reached skill level 27 in Spellcasting
  9638 | D        | Reached skill level 26 in Evocations
  9669 | D        | Noticed a golden dragon
  9669 | D        | an acid blob changed into a golden dragon
  9677 | D        | Killed a golden dragon
  9677 | D        | Reached skill level 27 in Evocations
  9677 | D        | Reached skill level 7 in Stealth
  9684 | D        | Reached skill level 10 in Stealth
  9689 | D        | Reached skill level 11 in Stealth
  9691 | D        | Reached skill level 12 in Stealth
  9696 | D        | Reached skill level 13 in Stealth
  9704 | D        | Reached skill level 14 in Stealth
  9714 | D        | Reached skill level 15 in Stealth
  9721 | D        | Reached skill level 16 in Stealth
  9729 | D        | Got a slimy rune of Zot
  9848 | D        | Reached skill level 17 in Stealth
  9848 | D        | Reached skill level 18 in Stealth
  9851 | D        | Reached skill level 19 in Stealth
  9851 | D        | Reached skill level 20 in Stealth
  9856 | D        | Reached skill level 21 in Stealth
  9860 | D        | Reached skill level 22 in Stealth
  9864 | D        | Reached skill level 23 in Stealth
  9869 | D        | Reached skill level 24 in Stealth
  9905 | D        | DEFE: сделай холи трипл
  9905 | D        | HP: 117/235 [guardian mummy's death curse (7)]
  9905 | D        | Reached skill level 25 in Stealth
  9909 | D        | DEFE: будет веселее
  9918 | D        | HP: 106/235 [torment (54)]
 10459 | D        | theanonym: +5 всего
 10459 | D        | Identified a +7 triple sword of holy wrath (a +5 triple sword of electrocution blessed by the Shining One)
 10459 | D        | Received a gift from the Shining One
 10460 | D        | DEFE: +7
 10461 | D        | DEFE: свитков нет?
 10473 | D        | theanonym: Не
 10635 | D        | DEFE: ну норм
 10855 | D        | DEFE: холи все равно круто
 11008 | D        | DEFE: а пойла много?
 11008 | D        | theanonym: Ну да +75%
 11008 | D        | DEFE: мало
 11020 | D        | Noticed a greater mummy
 11020 | D        | theanonym: Чё там туман не нужен будет?
 11020 | D        | Reached skill level 26 in Stealth
 11028 | D        | HP: 118/236 [guardian mummy (5)]
 11034 | D        | Killed a greater mummy
 11034 | D        | HP: 104/236 [torment (45)]
 11034 | D        | Reached skill level 27 in Stealth
 11034 | D        | Reached skill level 5 in Throwing
 11049 | D        | DEFE: почему?
 11050 | D        | DEFE: может и нужен
 11050 | D        | DEFE: лрл
 11050 | D        | theanonym: 2 есть
 11050 | D        | Noticed a greater mummy
 11050 | D        | Noticed a greater mummy
 11051 | D        | DEFE: если понадобится закрыть лос
 11052 | D        | DEFE: читай
 11052 | D        | Noticed a greater mummy
 11053 | D        | DEFE: а у тебя блюр еще
 11053 | D        | theanonym: Ну вот сейчас
 11053 | D        | theanonym: А да
 11053 | D        | Reached skill level 6 in Throwing
 11053 | D        | Reached skill level 1 in Unarmed Combat
 11053 | D        | HP: 111/236 [??? (56)]
 11058 | D        | Killed a greater mummy
 11058 | D        | Reached skill level 8 in Throwing
 11058 | D        | Reached skill level 5 in Unarmed Combat
 11058 | D        | HP: 100/236 [greater mummy/divine providence (11)]
 11059 | D        | Noticed a greater mummy
 11065 | D        | HP: 50/236 [??? (21)]
 11066 | D        | DEFE: риперов убивай а-б
 11071 | D        | Reached skill level 6 in Unarmed Combat
 11071 | D        | DEFE: они больной косой могут ударить
 11071 | D        | Reached XP level 21. HP: 138/244 MP: 8/8
 11074 | D        | HP: 92/244 [??? (46)]
 11077 | D        | Killed a greater mummy
 11077 | D        | Reached skill level 10 in Throwing
 11077 | D        | Reached skill level 8 in Unarmed Combat
 11077 | D        | Killed a greater mummy
 11077 | D        | Reached skill level 11 in Throwing
 11077 | D        | Reached skill level 10 in Unarmed Combat
 11080 | D        | HP: 96/244 [torment (40)]
 11081 | D        | Killed a greater mummy
 11081 | D        | Reached skill level 12 in Throwing
 11081 | D        | Reached skill level 11 in Unarmed Combat
 11085 | D        | theanonym: А где здоровье с убийства нежити?
 11085 | D        | Got a golden rune of Zot
 11131 | D        | Reached skill level 13 in Throwing
 11131 | D        | Reached skill level 12 in Unarmed Combat
 11154 | D        | Got an abyssal rune of Zot
 11279 | D        | Noticed Geryon
 11288 | D        | Killed Geryon
 11288 | D        | Reached skill level 14 in Throwing
 11288 | D        | Reached skill level 13 in Unarmed Combat
 11292 | D        | Noticed Lom Lobon
 11292 | D        | Noticed Mnoleg
 11301 | D        | Killed Mnoleg
 11301 | D        | Reached skill level 15 in Throwing
 11301 | D        | Reached skill level 14 in Unarmed Combat
 11303 | D        | Noticed Asmodeus
 11310 | D        | Noticed Antaeus
 11315 | D        | Noticed Dispater
 11326 | D        | Noticed Gloorx Vloq
 11333 | D        | HP: 95/244 [Antaeus/bolt of lightning (41)]
 11334 | D        | Killed Lom Lobon
 11334 | D        | Reached skill level 16 in Throwing
 11334 | D        | Reached skill level 15 in Unarmed Combat
 11339 | D        | HP: 67/244 [Asmodeus/damnation (23)]
 11358 | D        | HP: 106/244 [??? (52)]
 11363 | D        | Killed Antaeus
 11363 | D        | Reached skill level 18 in Throwing
 11363 | D        | Reached skill level 17 in Unarmed Combat
 11365 | D        | HP: 72/244 [Asmodeus/damnation (41)]
 11370 | D        | Killed Asmodeus
 11370 | D        | Reached skill level 19 in Throwing
 11370 | D        | Reached skill level 19 in Unarmed Combat
 11372 | D        | HP: 49/244 [Hell Sentinel/iron shot[Dispater] (54)]
 11379 | D        | HP: 74/244 [Hell Sentinel/damnation[Dispater] (39)]
 11384 | D        | HP: 72/244 [Gloorx Vloq] (6)]
 11395 | D        | Killed Dispater
 11395 | D        | Reached skill level 20 in Throwing
 11404 | D        | Killed Gloorx Vloq
 11404 | D        | Reached skill level 21 in Throwing
 11404 | D        | Reached skill level 20 in Unarmed Combat
 11408 | D        | Got a magical rune of Zot
 11412 | D        | Got an iron rune of Zot
 11415 | D        | Noticed Cerebov
 11416 | D        | HP: 89/242 [Cerebov/iron shot (40)]
 11421 | D        | HP: 72/244 [Cerebov/great serpentine sword {flame} (13)]
 11430 | D        | HP: 46/244 [Cerebov/iron shot (67)]
 11434 | D        | Killed Cerebov
 11434 | D        | Reached skill level 22 in Throwing
 11434 | D        | Reached skill level 22 in Unarmed Combat
 11438 | D        | Got a dark rune of Zot
 11471 | D        | Noticed Ereshkigal
 11471 | D        | HP: 53/244 [??? (21)]
 11502 | D        | HP: 38/244 [??? (15)]
 11507 | D        | HP: 37/244 [Ereshkigal (8)]
 11517 | D        | Killed Ereshkigal
 11517 | D        | Reached skill level 23 in Throwing
 11517 | D        | Reached skill level 23 in Unarmed Combat
 11517 | D        | Reached XP level 22. HP: 61/254 MP: 1/1
 11522 | D        | Got a fiery rune of Zot
 11526 | D        | Got a bone rune of Zot
 11533 | D        | Got an icy rune of Zot
 11540 | D        | Got an obsidian rune of Zot
 11550 | D        | Got a glowing rune of Zot
 11948 | D        | Got the Orb of Zot
 12196 | D        | HP: 109/254 [Orb Guardian (8)]
 12198 | D        | Reached skill level 24 in Throwing
 12379 | D        | HP: 101/254 [Hell Sentinel/damnation (27)]
 12384 | D        | HP: 89/254 [Hell Sentinel's spines (12)]
 12388 | D        | Reached skill level 24 in Unarmed Combat
 12504 | D        | HP: 82/254 [sixfirhy (8)]
 12556 | D        | HP: 74/254 [angel/whip of holy wrath[a seraph] (10)]
 12576 | D        | Noticed a seraph
 12583 | D        | HP: 69/254 [seraph/great sword of flaming (5)]
 12590 | D        | HP: 48/254 [seraph/great sword of flaming (12)]
 12591 | D        | Noticed Nuunnuff the pandemonium lord
 12595 | D        | Killed a seraph
 12595 | D        | Reached skill level 25 in Throwing
 12595 | D        | Reached skill level 25 in Unarmed Combat
 12603 | D        | HP: 34/254 [??? (14)]
 12606 | D        | Killed Nuunnuff the pandemonium lord
 12608 | D        | Gained mutation: You are dopey. (Int -2) [mutagenic glow]
 12620 | D        | Noticed Durerauk the pandemonium lord
 12635 | D        | HP: 83/254 [Hell Sentinel[Durerauk] (2)]
 12645 | D        | Killed Durerauk the pandemonium lord
 12667 | D        | HP: 83/254 [hell beast (5)]
 12669 | D        | Reached skill level 26 in Throwing
 12726 | D        | Noticed Bujiboel the pandemonium lord
 12738 | D        | HP: 76/254 [hellion/damnation[Bujiboel] (19)]
 12739 | D        | Killed Bujiboel the pandemonium lord
 12754 | D        | Reached skill level 26 in Unarmed Combat
 12767 | D        | HP: 69/254 [Orb Guardian (18)]
 12778 | D        | HP: 54/254 [angel/sacred scourge of holy wrath[a seraph] (13)]
 12827 | D        | Noticed Ruiff the pandemonium lord
 12836 | D        | Killed Ruiff the pandemonium lord
 12838 | D        | HP: 78/254 [sun demon (8)]
 12856 | D        | HP: 68/254 [balrug/divine providence (13)]
 12860 | D        | Reached skill level 27 in Throwing
 12882 | D        | Noticed a seraph
 12884 | D        | HP: 75/254 [daeva/divine providence[a seraph] (7)]
 12891 | D        | HP: 61/254 [daeva/divine providence[a seraph] (7)]
 12898 | D        | HP: 28/254 [daeva/divine providence[a seraph] (9)]
 12901 | D        | Killed a seraph
 12901 | D        | Reached skill level 27 in Unarmed Combat
 12903 | D        | Lost mutation: You are dopey. (Int -2) [potion of mutation]
 12903 | D        | Lost mutation: Your spells are a little easier to cast, but a little less powerful. [potion of mutation]
 12903 | D        | Lost mutation: Scrolls take you a little longer to read. [potion of mutation]
 12903 | D        | Gained mutation: You are partially covered in rugged brown scales. (AC +1, +3% HP) [potion of mutation]
 12903 | D        | Gained mutation: You are resistant to electric shocks. (rElec) [potion of mutation]
 12903 | D        | Gained mutation: You have large cloven feet. [potion of mutation]
 12956 | D        | Gained mutation: You expend magic power (3 MP) to strengthen your wands. [mutagenic glow]
 12993 | D        | Gained mutation: Armour fits poorly on your strangely shaped body. [mutagenic glow]
 13007 | D        | HP: 67/261 [Orb Guardian (4)]
 13024 | D        | Gained mutation: Your body sometimes deteriorates upon taking damage. [a cacodemon]
 13031 | D        | Noticed a golden dragon
 13031 | D        | Noticed a golden dragon
 13031 | D        | Noticed a golden dragon
 13031 | D        | HP: 69/261 [monstrous corrupter (5)]
 13176 | D        | Noticed Wovadexa the pandemonium lord
 13185 | D        | HP: 122/261 [disintegration (23)]
 13186 | D        | Killed Wovadexa the pandemonium lord
 13619 | D        | Reached XP level 23. HP: 200/269 MP: 1/1
 13648 | D        | Noticed Qisiedd the pandemonium lord
 13661 | D        | Killed Qisiedd the pandemonium lord
 13731 | D        | HP: 131/269 [Hell Sentinel/damnation[Qisiedd] (15)]
 13736 | D        | HP: 103/269 [Hell Sentinel/damnation[Qisiedd] (9)]
 13741 | D        | HP: 50/269 [Hell Sentinel/iron shot[Qisiedd] (52)]
 13770 | D        | HP: 57/269 [disintegration (27)]
 13780 | D        | Noticed Tuezec the pandemonium lord
 13783 | D        | HP: 89/269 [Tuezec the pandemonium lord (11)]
 13789 | D        | HP: 69/269 [Tuezec the pandemonium lord (8)]
 13791 | D        | Killed Tuezec the pandemonium lord
 13959 | D        | Noticed a seraph
 13977 | D        | HP: 129/269 [daeva/divine providence[a seraph] (11)]
 13982 | D        | HP: 66/269 [daeva/divine providence[a seraph] (9)]
 13986 | D        | Killed a seraph
 13997 | D        | HP: 65/269 [cherub/uncursed flail of flaming[a seraph] (1)]
 14004 | D        | Lost mutation: Armour fits poorly on your strangely shaped body. [potion of mutation]
 14004 | D        | Lost mutation: You have large cloven feet. [potion of mutation]
 14004 | D        | Gained mutation: You have supernaturally acute eyesight. (SInv) [potion of mutation]
 14004 | D        | Gained mutation: Your flesh is heat resistant. (rF+) [potion of mutation]
 14045 | D        | Escaped with the Orb!

Vanquished Creatures
  Cerebov (D)
  Antaeus (D)
  Asmodeus (D)
  the Royal Jelly (D)
  3 seraphim (D)
  Gloorx Vloq (D)
  Lom Lobon (D)
  Ereshkigal (D)
  Mnoleg (D)
  Dispater (D)
  4 orbs of fire (D)
  3 ancient liches (D)
  6 pandemonium lords (D)
  5 greater mummies (D)
  Boris (D)
  Frederick (D)
  Geryon (D)
  Saint Roka (D)
  Margery (D)
  A curse toe (D)
  Xtahua (D)
  A Killer Klown (D)
  Jory (D)
  2 golden dragons (D)
  Nikola (D)
  A Tzitzimitl (D)
  An electric golem (D)
  2 Hell Sentinels (D)
  An Ice Fiend (D)
  3 liches (D)
  2 tentacled monstrosities (D)
  2 deep elf blademasters (D)
  37 Orb Guardians (D)
  13 sphinxes (D)
  A quicksilver dragon (D)
  2 deep elf master archers (D)
  7 acid blobs (D)
  Gastronok (D)
  A death cob (D)
  9 shadow dragons (D)
  5 storm dragons (D)
  Ilsuiw (D)
  A draconian monk (D)
  4 azure jellies (D)
  4 nagarajas (D)
  4 vault wardens (D)
  2 draconian knights (D)
  A deep elf sorcerer (D)
  A ghost moth (D)
  3 balrugs (D)
  Aizul (D)
  A corrupter (D)
  A frost giant (D)
  3 fire giants (D)
  5 emperor scorpions (D)
  3 angels (D)
  A draconian scorcher (D)
  3 cacodemons (D)
  A draconian annihilator (D)
  An entropy weaver (D)
  5 stone giants (D)
  3 very ugly things (D)
  A war gargoyle (D)
  3 ironheart preservers (D)
  5 vampire knights (D)
  4 green draconians (D)
  2 lorocyprocas (D)
  2 white draconians (D)
  2 deep elf annihilators (D)
  A dire elephant (D)
  3 yellow draconians (D)
  3 deep elf demonologists (D)
  2 red draconians (D)
  8 purple draconians (D)
  4 black draconians (D)
  2 minotaurs (D)
  A deep elf death mage (D)
  3 ettins (D)
  3 blizzard demons (D)
  2 merfolk javelineers (D)
  4 merfolk impalers (D)
  11 death oozes (D)
  5 fire dragons (D)
  5 mummy priests (D)
  25 vault guards (D)
  2 deep elf high priests (D)
  2 great orbs of eyes (D)
  4 yaktaur captains (D)
  8 hydras (D)
  2 centaur warriors (D)
  A hell beast (D)
  5 ice dragons (D)
  Harold (D)
  2 spriggan air magi (D)
  A ghost crab (D)
  3 naga warriors (D)
  A two-headed ogre (D)
  A monstrous demonspawn (D)
  3 merfolk aquamancers (D)
  Erica (D)
  2 death yaks (D)
  A deep troll shaman (D)
  A deep troll earth mage (D)
  2 naga sharpshooters (D)
  A tengu warrior (D)
  3 ogre magi (D)
  11 spriggans (D)
  3 hell knights (D)
  An orc high priest (D)
  6 soul eaters (D)
  3 shock serpents (D)
  Nergalle (D)
  7 sun demons (D)
  3 sixfirhies (D)
  8 small abominations (D)
  An iron troll (D)
  A shadow wraith (D)
  A flayed ghost (D)
  2 infernal demonspawn (D)
  2 shadow demons (D)
  5 swamp dragons (D)
  2 gelid demonspawn (D)
  2 glowing orange brains (D)
  A spriggan druid (D)
  3 cherubim (D)
  A sea snake (D)
  9 orc knights (D)
  3 ironbrand convokers (D)
  3 necromancers (D)
  2 mana vipers (D)
  A harpy (D)
  2 wolf spiders (D)
  2 manticores (D)
  An orb spider (D)
  2 cyclopes (D)
  2 naga magi (D)
  4 vault sentinels (D)
  10 moths of wrath (D)
  A guardian serpent (D)
  5 rust devils (D)
  A water nymph (D)
  12 orange demons (D)
  3 smoke demons (D)
  2 large abominations (D)
  8 spiny frogs (D)
  3 hellions (D)
  A rime drake (D)
  2 yaktaurs (D)
  2 komodo dragons (D)
  3 freezing wraiths (D)
  4 demonic crawlers (D)
  3 hellwings (D)
  2 tormentors (D)
  18 guardian mummies (D)
  2 ice devils (D)
  A troll (D)
  A wandering mushroom (D)
  A jumping spider (D)
  6 polar bears (D)
  2 hornets (D)
  A meliai (shapeshifter) (D)
  3 merfolk (D)
  7 red devils (D)
  2 hippogriffs (D)
  3 redbacks (D)
  A wyvern (D)
  A tarantella (D)
  3 ynoxinuls (D)
  2 yaks (D)
  6 golden eyes (D)
  7 chaos spawn (D)
  4 neqoxecs (D)
  4 nagas (D)
  A swamp worm (shapeshifter) (D)
  An acid dragon (D)
  3 water moccasins (D)
  A porcupine (D)
  A swamp drake (D)
  22 orc warriors (D)
  An ice beast (D)
  2 black bears (D)
  A phantom (D)
  A boggart (D)
  2 eyes of draining (D)
  3 crocodiles (D)
  2 bullfrogs (D)
  2 crimson imps (D)
  A quasit (D)
  5 orc wizards (D)
  4 orc priests (D)
  2 iron imps (D)
  5 shadow imps (D)
  An adder zombie (D)
  2 adder skeletons (D)
  A leopard gecko (D)
  9 orcs (D)
  A bat skeleton (D)
  A bat zombie (D)
  2 hobgoblins (D)
  A quokka (D)
  A ball python skeleton (D)
  A bat (D)
  A leopard gecko skeleton (D)
  A rat (D)
641 creatures vanquished.

Vanquished Creatures (collateral kills)
  A pandemonium lord (D)
  An Orb Guardian (D)
  3 vampire knights (D)
  A hydra (D)
  A hell beast (D)
  A naga sharpshooter (D)
  A sea snake (D)
  2 orc knights (D)
  A wolf spider (D)
  A manticore (D)
  A rust devil (D)
  2 water nymphs (D)
  A guardian serpent (D)
  A spiny frog (D)
  A torpor snail (D)
  A merfolk (D)
  2 jumping spiders (D)
  A tarantella (D)
  A chaos spawn (D)
  An insubstantial wisp (D)
25 creatures vanquished.

Vanquished Creatures (others)
  A merfolk aquamancer (D)
  A tyrant leech (D)
  A white imp (D)
  11 ball lightnings (D)
14 creatures vanquished.

Grand Total: 680 creatures vanquished
